 Dungeon Crawl Stone Soup version 0.29.0-4-gdea44cf6ec (webtiles) character file.

Game seed: 16670290057744782680

164739 ketsa the Spry (level 17, 80/80 HPs)
             Began as a Felid Summoner on Aug 22, 2022.
             Was an Initiate of Gozag.
             Got out of the dungeon
             ... with 1 rune on Aug 27, 2022!
             The game lasted 09:57:06 (65470 turns).

ketsa the Spry (Felid Summoner)                    Turns: 65470, Time: 09:57:07

Health: 80/80      AC:  3    Str:  4    XL:     17   Next: 1%
Magic:  36/36      EV: 29    Int: 24    God:    Gozag
Gold:   6790       SH:  0    Dex: 17    Spells: 3/44 levels left
                                        Lives:  1   Deaths: 3

rFire   + . .      SeeInvis +     - Unarmed
rCold   + . .      Faith    .   (shield unavailable)
rNeg    + . .      Spirit   .   (body armour unavailable)
rPois   .          Reflect  .   (helmet unavailable)
rElec   .          Harm     .   (cloak unavailable)
rCorr   .          Rampage  .   (gloves unavailable)
Will    ++...                   (boots unavailable)
Stlth   ++........              r - amulet of regeneration
HPRegen 1.03/turn               U - ring of protection from fire
MPRegen 0.25/turn               C - ring of positive energy

@: studying Transmutations, quick
A: very small, claws 1, fangs 3, see invisible, speed 1, shaggy fur 3, stealthy
paws, no weapons or thrown items, no armour, multi-lived
}: 1/15 runes: serpentine
a: Renounce Religion, Potion Petition, Call Merchant, Bribe Branch


You escaped.
You worshipped Gozag.
Gozag was greatly pleased with you.
You visited 9 branches of the dungeon, and saw 35 of its levels.
You also visited: Ossuary and Bailey.

You collected 11975 gold pieces.
You spent 2789 gold pieces at shops.
You paid 2396 gold pieces to Gozag.

Inventory:

Jewellery
 h - a ring of protection from cold
 r - an amulet of regeneration (around neck)
 B - a ring of magical power
 C - a ring of positive energy (right paw)
 E - an amulet of guardian spirit
 H - a ring of the Octopus King {rCorr HP+2 AC+2 EV+2 SH+2}
   (You found it on level 5 of the Lair of Beasts)

   [ring of resist corrosion]

   AC:        It affects your AC (+2).
   EV:        It affects your evasion (+2).
   HP:        It affects your health (+2).
   rCorr:     It protects you from acid and corrosion.
   SH:        It affects your SH (+2).
 L - a ring of poison resistance
 M - a ring of protection from fire
 O - a ring of the Octopus King {Wiz HP+2 AC+2 EV+2 SH+2}
   (You bought it in a shop on level 2 of the Orcish Mines)

   [ring of wizardry]

   It improves your spell success rate.
   AC:        It affects your AC (+2).
   EV:        It affects your evasion (+2).
   HP:        It affects your health (+2).
   SH:        It affects your SH (+2).
 Q - a ring of magical power
 R - a +4 ring of protection
 S - a +4 ring of evasion
 T - a ring of ice
 U - a ring of protection from fire (left paw)
 W - the amulet of Acenyvis {Faith +Inv rCorr Dex+4}
   (You found it on level 3 of the Swamp)

   [amulet of faith]

   It allows you to gain divine favour quickly.
   Dex:       It affects your dexterity (+4).
   +Inv:      It lets you turn invisible.
   rCorr:     It protects you from acid and corrosion.
 Z - a +6 ring of intelligence
Wands
 b - a wand of iceblast (25)
 i - a wand of polymorph (22)
 u - a wand of mindburst (8)
 x - a wand of charming (13)
 D - a wand of flame (8)
 I - a wand of quicksilver (2)
 X - a wand of digging (7)
Scrolls
 e - 5 scrolls of magic mapping
 f - 2 scrolls of torment
 g - a scroll of silence
 l - 5 scrolls of fear
 n - 6 scrolls of summoning
 o - 6 scrolls of teleportation
 q - 4 scrolls of fog
 G - 5 scrolls of vulnerability
 K - 2 scrolls of immolation
 V - 4 scrolls of blinking
Potions
 a - a potion of invisibility
 c - 6 potions of berserk rage
 d - 6 potions of lignification
 j - 9 potions of attraction
 k - 8 potions of mutation
 p - 2 potions of cancellation
 s - 6 potions of haste
 t - 3 potions of might
 v - 4 potions of ambrosia
 z - 2 potions of brilliance
 A - 6 potions of curing
 F - 4 potions of magic
 J - 3 potions of flight
Miscellaneous
 m - a phial of floods
 w - a piece from Xom's chessboard (15/15)
 y - a phantom mirror
 N - a tin of tremorstones (2/2)
 P - a condenser vane
 Y - a box of beasts


   Skills:
 + Level 12.3 Fighting
 + Level 16.1 Dodging
 - Level 2.6 Stealth
 + Level 1.7 Unarmed Combat
 + Level 14.4 Spellcasting
 - Level 10.0 Hexes
 - Level 14.0 Summonings
 - Level 8.0 Translocations
 - Level 16.0 Transmutations
 + Level 13.0 Air Magic
 - Level 2.6 Earth Magic
 - Level 1.0 Invocations


You had 3 spell levels left.
You knew the following spells:

 Your Spells              Type           Power      Damage    Failure   Level
a - Storm Form            Tmut/Air       36%        N/A       8%          7
b - Passage of Golubria   Tloc           54%        N/A       1%          4
c - Call Canine Familiar  Summ           71%        N/A       1%          3
d - Summon Guardian Gole  Hex/Summ       66%        N/A       1%          3
e - Summon Lightning Spi  Summ/Air       70%        N/A       1%          4
f - Summon Mana Viper     Hex/Summ       66%        N/A       1%          5
g - Blink                 Tloc           100%       N/A       1%          2
h - Summon Forest         Summ/Tloc      31%        N/A       1%          5
i - Passwall              Tmut/Erth      48%        N/A       1%          2
j - Summon Cactus Giant   Summ           35%        N/A       1%          6

Your spell library contained the following spells:

 Spells                   Type           Power      Damage    Failure   Level
 Beastly Appendage        Tmut           100%       N/A       0%          1
 Summon Small Mammal      Summ           100%       N/A       0%          1
 Call Imp                 Summ           71%        N/A       0%          2
 Wereblood                Tmut           76%        N/A       0%          2
 Apportation              Tloc           100%       N/A       1%          1
 Sandblast                Erth           58%        2d13      1%          1
 Sting                    Tmut/Pois      100%       1d8       1%          1
 Ensorcelled Hibernation  Hex/Ice        82%        N/A       1%          2
 Static Discharge         Conj/Air       48%        3-9/arc   1%          2
 Dazzling Flash           Conj/Hex       82%        N/A       1%          3
 Gell's Gravitas          Tloc           54%        N/A       1%          3
 Inner Flame              Hex/Fire       41%        N/A       1%          3
 Mephitic Cloud           Conj/Pois/Air  38%        N/A       1%          3
 Spider Form              Tmut/Pois      54%        N/A       1%          3
 Swiftness                Air            69%        N/A       1%          3
 Teleport Other           Tloc           54%        N/A       1%          3
 Foxfire                  Conj/Fire      68%        2x1d7     3%          1
 Scorch                   Fire           34%        2d7       4%          2
 Airstrike                Air            34%        2d(5-21)  1%          4
 Cause Fear               Hex            30%        N/A       1%          4
 Summon Ice Beast         Ice/Summ       50%        N/A       1%          4
 Silence                  Hex/Air        32%        N/A       1%          5
 Alistair's Intoxication  Tmut/Pois      36%        N/A       3%          5
 Manifold Assault         Tloc           54%        N/A       3%          5
 Anguish                  Hex/Necr       20%        N/A       4%          4
 Dragon Form              Tmut           38%        N/A       4%          7
 Iskenderun's Mystic Bla  Conj/Tloc      36%        2d9       6%          4
 Lightning Bolt           Conj/Air       24%        1d39      6%          5
 Monstrous Menagerie      Summ           35%        N/A       9%          7
 Statue Form              Tmut/Erth      38%        N/A       12%         6
 Dispersal                Tloc           27%        N/A       19%         6
 Flame Wave               Conj/Fire      17%        2d7       32%         4
 Enfeeble                 Hex            30%        N/A       43%         7
 Summon Horrible Things   Summ           35%        N/A       56%         8
 Maxwell's Capacitive Co  Air            34%        ∞         71%         8
 Haunt                    Necr/Summ      25%        N/A       85%         7
 Discord                  Hex            30%        N/A       98%         8
 Starburst                Conj/Fire      8%         6d4       99%         6
 Infestation              Necr           8%         N/A       100%        8
 Lehudib's Crystal Spear  Conj/Erth      11%        10d4      100%        8
 Dragon's Call            Summ           35%        N/A       100%        9
 Animate Armour           Summ/Erth      Unusable   N/A       N/A         4
 Animate Dead             Necr           Unusable   N/A       N/A         4

Dungeon Overview and Level Annotations

Branches:
Dungeon (15/15)            Temple (1/1) D:5            Lair (5/5) D:11
  Swamp (3/4) Lair:2        Snake (4/4) Lair:3        Slime (1/5) Lair:4
    Orc (2/2) D:11            Elf (3/3) Orc:2        Vaults (1/5) D:14
Ossuary (visited)          Bailey (visited)
 Depths: D:15

Altars:
Ashenzari
Cheibriados
Dithmenos
Elyvilon
Fedhas
Gozag
Hepliaklqana
Kikubaaqudgha
Makhleb
Nemelex Xobeh
Okawaru
Qazlal
Ru
Sif Muna
Trog
Uskayaw
Vehumet
Wu Jian
Xom
Yredelemnul
Zin
The Shining One
Jiyva

Shops:
D:12 =   Orc:2 [**[   Elf:1 :   Elf:2 [?   Lair:3 ::   Snake:2 *   Snake:3 ?*:

Annotations:
D:5 exclusion: downstairs
D:8 exclusion: downstairs
D:9 exclusion: downstairs
D:10 exclusion: downstairs
D:11 exclusion: downstairs
D:14 exclusion: 2 ice statues
D:15 Azrael, Nessos
Lair:4 exclusions: 2 downstairs and 1 more exclusion
Swamp:1 exclusions: 2 downstairs and 4 more exclusions
Swamp:2 1 exclusion, Mlioglotl, Roxanne
Swamp:3 1 exclusion, Kirke
Snake:1 exclusions: downstairs and 1 more exclusion
Snake:2 Asterion
Elf:1 6 runed translucent doors, exclusion: downstairs
Elf:2 3 runed translucent doors, exclusions: door and downstairs


Innate Abilities, Weirdness & Mutations

You have sharp claws.
You have razor-sharp teeth.
You have supernaturally acute eyesight. (SInv)
You cover ground quickly. (Speed+)
Your thick and shaggy fur keeps you warm. (AC +3, rC+)
Your paws help you pounce on unaware monsters.
You are incapable of wielding weapons or throwing items.
You cannot wear armour.
You gain extra lives every three experience levels.


Message History

There is a stone staircase leading up here.
You climb upwards.
Level annotation: exclusion: downstairs
There is a stone staircase leading down here.
Things that are here:
a +0 club; a +0 whip
Things that are here:
a curare-tipped dart; a +0 club
There is a stone staircase leading up here.
You climb upwards.
Level annotation: exclusion: downstairs
There is a stone staircase leading down here.
There is a stone staircase leading up here.
You climb upwards.
There is a stone staircase leading down here.
There is a stone staircase leading up here.
You climb upwards.
There is a stone staircase leading down here.
There is a stone staircase leading up here.
You climb upwards.
Level annotation: exclusion: downstairs
There is a stone staircase leading down here.
There is a stone staircase leading up here.
You climb upwards.
There is a stone staircase leading down here.
Things that are here:
a +0 morningstar; a +0 ring mail
There is a stone staircase leading up here.
You climb upwards.
There is a stone staircase leading down here.
There is an escape hatch in the ceiling here.
A mysterious force pulls you upwards. The hatch slams shut behind you.
There is an escape hatch in the ceiling here.
A mysterious force pulls you upwards. The hatch slams shut behind you.
There is a staircase leading out of the dungeon here.
Enter note: excruciatingly painful gameplay.
Exiting.
Are you sure you want to leave the Dungeon?
This will make you lose the game!
Alright, then stay!
Are you sure you want to leave the Dungeon?
This will make you lose the game!
You have escaped!

.........................#.......
#####.################.###.......
.......#.........................
#......#...............###.##....
#.>....#.#.♣♣♣♣♣♣♣♣♣.....#.######
#......#.#.♣PP..PP..♣....#.#
.......#.#.♣PP..P...♣....#.#
#......#.#.♣..PP...P♣....#.#
'......#.#.♣..P.@.PP♣....#.#
#......#.#.♣PP...P..♣....#.#
#......#.#.♣P...PP..♣...##.#
.......#...♣...P..PP♣.#.##.######
.......#...♣..PP..PP♣............
...###.#.#..♣♣♣♣♣♣♣♣♣...#########
.P..##.#.#.....................#.
♣♣.P.#.#.############..#######.#.
♣♣♣P.#.#.# #.....................


There were no monsters in sight!

Vanquished Creatures
  A nagaraja (Snake:4)
  A deep elf death mage (Elf:3)
  A dancing weapon (Elf:3)
  A deep elf zephyrmancer (Elf:3)
  An ugly thing (D:14)
  An unseen horror (D:13)
  4 slime creatures
  A vampire mosquito (Swamp:2)
  A water moccasin (Lair:4)
  A wolf (Lair:3)
  3 orcs
  A goblin (Bailey)
  A quokka (D:1)
18 creatures vanquished.

Vanquished Creatures (collateral kills)
  Vashnia (Snake:3)
  Nikola (Snake:1)
  Jorgrun (Swamp:2)
  A deep elf blademaster (Elf:3)
  2 deep elf master archers (Elf:3)
  16 nagarajas
  5 deep elf sorcerers
  6 deep elf elementalists (Elf:3)
  A ghoul (Swamp:3)
  4 deep elf demonologists
  A bunyip (Swamp:3)
  2 eleionomae
  4 deep elf annihilators (Elf:3)
  3 deep elf death magi (Elf:3)
  5 deep elf high priests
  Harold (Lair:2)
  Fannar (Lair:2)
  7 vault guards (D:14)
  6 hydras
  3 salamander tyrants
  A boulder beetle (D:11)
  2 anacondas
  A catoblepas (Lair:1)
  A ghost crab (Swamp:2)
  2 two-headed ogres
  A merfolk avatar (Lair:5)
  8 naga warriors
  A centaur warrior (D:14)
  22 dancing weapons
  9 alligators
  The ghost of Notanamesir the Basher, a novice MiFi (D:8)
  A tengu warrior (D:13)
  3 orc high priests (Orc:2)
  3 shock serpents
  19 naga sharpshooters
  5 deep elf knights
  A salamander mystic (Snake:4)
  A fire crab (Lair:5)
  2 goliath frogs
  A swamp dragon (shapeshifter) (Elf:2)
  3 sea snakes (Lair:5)
  3 naga ritualists
  2 swamp dragons
  2 bog bodies
  7 deep elf archers
  15 deep elf zephyrmancers
  10 mana vipers
  2 harpies (Lair:5)
  2 orc knights (Orc:2)
  14 deep elf pyromancers
  An oklob plant (Lair:2)
  4 manticores
  9 orc sorcerers
  4 ugly things
  6 cyclopes
  10 salamanders
  11 naga magi
  2 guardian serpents (Snake:4)
  12 elephants
  26 black mambas
  12 cane toads
  2 unseen horrors (D:12)
  9 rime drakes
  4 yaktaurs (D:13)
  8 komodo dragons
  2 tengu conjurers (D:14)
  6 trolls
  2 queen bees (shapeshifter)
  2 polar bears (Lair:5)
  4 tyrant leeches
  5 hornets
  22 blink frogs
  14 slime creatures
  16 dream sheep
  2 snapping turtles (Lair:5)
  5 air elementals
  2 spriggans
  A wraith (D:12)
  2 vampires
  2 shadows (D:10)
  4 hogs
  30 yaks
  A water elemental (Elf:1)
  6 wyverns
  2 fire elementals
  4 basilisks
  11 vampire mosquitoes
  5 steam dragons
  8 swamp worms
  3 wargs
  31 nagas
  15 water moccasins
  A swamp drake (Swamp:1)
  32 orc warriors
  2 sky beasts (D:8)
  A black bear (D:6)
  5 ogres
  12 wolves
  5 centaurs
  A kobold brigand (D:9)
  A lemure (D:5)
  A phantom (D:4)
  A bullfrog (shapeshifter) (Elf:3)
  2 nameless horrors
  4 scorpions
  7 bullfrogs
  3 necrophages
  A water moccasin zombie (Ossuary)
  A wight (Ossuary)
  Dowan (D:5)
  9 killer bees
  The ghost of codl the Ruffian, a weakling DrTm (D:3)
  5 electric eels
  4 howler monkeys (D:9)
  4 centaur zombies (Ossuary)
  18 orc priests
  9 iguanas
  27 orc wizards
  3 scorpion zombies (Ossuary)
  4 ogre zombies (Ossuary)
  4 adders
  11 gnolls
  3 shadow imps
  A white imp (D:6)
  4 adder zombies (Ossuary)
  2 worms (D:3)
  5 dart slugs
  78 orcs
  4 ball pythons
  7 endoplasms
  4 giant cockroaches
  3 gnoll zombies (Ossuary)
  12 goblins
  18 hobgoblins
  2 quokkas
  A bat (D:2)
  4 frilled lizards
  3 goblin zombies (Ossuary)
  3 hobgoblin zombies (Ossuary)
  14 kobolds
  An orc zombie (Ossuary)
  2 rats
894 creatures vanquished.

Vanquished Creatures (others)
  Rupert (Snake:1)
  Aizul (Snake:2)
  An orc warlord (Bailey)
  A deep elf elementalist (Elf:3)
  A deep elf death mage (Elf:3)
  3 hydras
  A two-headed ogre (D:9)
  A tengu warrior (D:13)
  A deep elf knight (Elf:1)
  A goliath frog (Swamp:1)
  3 orc knights
  A deep elf archer (Elf:1)
  Pikel (D:6)
  An elephant (Lair:4)
  3 black mambas
  Maggie (D:10)
  A komodo dragon (D:8)
  A yaktaur (D:13)
  A troll (D:11)
  A bloated husk (Swamp:1)
  2 hornets
  2 slime creatures (D:12)
  2 spriggans (Swamp:1)
  15 yaks
  2 vampire mosquitoes (D:7)
  3 nagas (Snake:1)
  An acid dragon (D:9)
  Duvessa (D:5)
  7 orc warriors
  A sky beast (D:6)
  A wolf (Lair:4)
  2 centaurs
  A lemure (D:6)
  A kobold brigand (D:9)
  2 gnoll sergeants
  9 killer bees
  An electric eel (D:10)
  Crazy Yiuf (D:6)
  2 iguanas (D:8)
  3 gnolls
  2 orcs
  A goblin (Bailey)
  A hobgoblin (Bailey)
  41 fungi
  79 plants
  5 snaplasher vines
  2 starspawn tentacles (Swamp:2)
  2 withered plants (D:8)
218 creatures vanquished.

Grand Total: 1130 creatures vanquished

Notes
Turn   | Place    | Note
-------+----------+-------------------------------------------
     0 | D:1      | ketsa the Felid Summoner began the quest for the Orb.
     0 | D:1      | Reached XP level 1. HP: 7/7 MP: 4/4
  1023 | D:1      | Reached XP level 2. HP: 5/11 MP: 0/6
  1225 | D:1      | Learned a level 2 spell: Call Imp
  2160 | D:2      | Found a faded altar of an unknown god.
  2186 | D:2      | Reached XP level 3. HP: 14/14 MP: 6/8
  2241 | D:2      | Learned a level 3 spell: Call Canine Familiar
  2684 | D:2      | Found a burning altar of Makhleb.
  3197 | D:3      | Reached XP level 4. HP: 18/18 MP: 6/9
  3378 | D:3      | Reached skill level 5 in Summonings
  3671 | D:3      | Found a runed translucent gate.
  3673 | D:3      | Found an opulent altar of Gozag.
  3674 | D:3      | Found a runed translucent gate.
  3675 | D:3      | Found a runed translucent gate.
  3675 | D:3      | Noticed a water moccasin
  3676 | D:3      | Noticed codl's ghost (weakling DrTm)
  4338 | D:4      | Learned a level 3 spell: Summon Guardian Golem
  4534 | D:4      | Noticed a necrophage
  4580 | D:4      | Killed a necrophage
  4581 | D:4      | Reached XP level 5. HP: 21/21 MP: 4/11
  5252 | D:4      | Noticed a phantom
  5334 | D:4      | Killed a phantom
  5650 | D:4      | Gained mutation: You are covered in thick fur. (AC +2)
                  | [Felid growth]
  5650 | D:4      | Reached XP level 6. HP: 24/24 MP: 11/13
  5998 | D:5      | Entered Level 5 of the Dungeon
  6038 | D:5      | Noticed Duvessa
  6038 | D:5      | Noticed Dowan
  6295 | D:5      | Found a sand-covered staircase.
  6301 | Ossuary  | Entered an ossuary
  6403 | Ossuary  | Reached skill level 1 in Fighting
  6616 | Ossuary  | Reached XP level 7. HP: 28/28 MP: 9/14
  7317 | Ossuary  | Noticed a silent spectre
  7688 | D:5      | Found a staircase to the Ecumenical Temple.
  7693 | Temple   | Entered the Ecumenical Temple
  8241 | D:6      | Reached skill level 5 in Hexes
  8472 | D:6      | Noticed Pikel
  8844 | D:6      | Reached skill level 5 in Spellcasting
  8844 | D:6      | Reached XP level 8. HP: 34/34 MP: 7/16
  8844 | D:6      | Killed Pikel
  8845 | D:6      | Reached skill level 5 in Dodging
  8983 | D:5      | Learned a level 4 spell: Summon Lightning Spire
  9011 | D:5      | Killed Dowan
  9077 | D:5      | Killed Duvessa
  9326 | D:5      | Reached skill level 1 in Air Magic
  9914 | D:6      | Found a runed translucent door.
  9915 | D:6      | Noticed Crazy Yiuf
  9930 | D:6      | Killed Crazy Yiuf
 10151 | D:6      | Reached XP level 9. HP: 39/39 MP: 10/18
 10172 | D:6      | Identified the +2 helmet "Xeudi" {Harm rF+ Str-3 Int+2}
 10188 | D:6      | Found a basalt altar of Yredelemnul.
 11531 | D:7      | Reached skill level 5 in Fighting
 12041 | D:8      | Noticed Notanamesir's ghost (novice MiFi)
 12041 | D:8      | Found a runed translucent door.
 12447 | D:8      | Found an ornate altar of the Wu Jian Council.
 12604 | D:8      | Noticed a komodo dragon
 12625 | D:8      | Killed a komodo dragon
 12626 | D:8      | Reached XP level 10. HP: 44/44 MP: 6/21
 13028 | D:8      | Found an ancient bone altar of Kikubaaqudgha.
 13028 | D:8      | Found an opulent altar of Gozag.
 13035 | D:8      | Found a shadowy altar of Dithmenos.
 13037 | D:8      | Found a hide-covered altar of Uskayaw.
 13038 | D:8      | Found an iron altar of Okawaru.
 13048 | D:8      | Became a worshipper of Gozag Ym Sagoz the Greedy
 13213 | D:8      | Engulfed by a steam dragon's steam
 13214 | D:8      | Reached XP level 9. HP: -7/41 MP: 10/20
 13469 | D:8      | Reached skill level 5 in Air Magic
 13524 | D:8      | Found a glowing golden altar of the Shining One.
 13529 | D:8      | Found a radiant altar of Vehumet.
 13781 | D:3      | Killed codl's ghost
 14961 | D:9      | Found a bloodstained altar of Trog.
 15162 | D:9      | Noticed a two-headed ogre
 15183 | D:9      | Killed a two-headed ogre
 15184 | D:9      | Reached XP level 10. HP: 46/46 MP: 8/22
 15577 | D:10     | Entered Level 10 of the Dungeon
 15632 | D:10     | Found a snail-covered altar of Cheibriados.
 15708 | D:10     | Found a flagged portal.
 15708 | D:10     | Noticed a five-headed hydra
 15723 | D:10     | Killed a five-headed hydra
 15791 | Bailey   | Entered a bailey
 16074 | Bailey   | Noticed an orc warlord
 16085 | Bailey   | Killed an orc warlord
 16086 | Bailey   | Reached skill level 10 in Dodging
 16859 | Bailey   | Noticed an orc knight
 16872 | Bailey   | Killed an orc knight
 17065 | D:10     | Noticed Maggie
 17106 | D:10     | Killed Maggie
 17107 | D:10     | Reached XP level 11. HP: 27/51 MP: 8/24
 18390 | D:11     | Found a staircase to the Orcish Mines.
 18548 | D:11     | Noticed a two-headed ogre
 18586 | D:11     | Noticed a boulder beetle
 18625 | D:11     | Killed a boulder beetle
 18626 | D:11     | Reached skill level 10 in Summonings
 18877 | D:11     | Acquired a book of the Wilderness
 18885 | D:11     | Learned a level 5 spell: Summon Mana Viper
 18900 | D:11     | Identified the +0 ring mail "Hexetik" {rElec Str+6}
 19150 | D:10     | Learned a level 2 spell: Blink
 19210 | D:11     | Killed a two-headed ogre
 19211 | D:11     | Reached skill level 1 in Translocations
 19650 | D:11     | Found a staircase to the Lair.
 20004 | Lair:1   | Entered Level 1 of the Lair of Beasts
 20265 | Lair:1   | Noticed a catoblepas
 20394 | Lair:1   | Noticed a five-headed hydra
 20405 | Lair:1   | Killed a five-headed hydra
 20573 | Lair:1   | Gained mutation: Your thick and shaggy fur keeps you warm.
                  | (AC +3, rC+) [Felid growth]
 20573 | Lair:1   | Reached XP level 12. HP: 56/56 MP: 23/26
 20939 | Lair:1   | Reached skill level 5 in Translocations
 21118 | Lair:2   | Noticed Fannar
 21118 | Lair:2   | Noticed a five-headed hydra
 21204 | Lair:2   | Reached skill level 1 in Transmutations
 21749 | Lair:2   | Noticed Harold
 21749 | Lair:2   | Noticed a seven-headed hydra
 21772 | Lair:2   | Killed a five-headed hydra
 21789 | Lair:2   | Killed Harold
 21856 | Lair:2   | Killed a seven-headed hydra
 22224 | Lair:2   | Killed Fannar
 22320 | Lair:2   | Learned a level 5 spell: Summon Forest
 22589 | Lair:2   | Found a staircase to the Swamp.
 23019 | Swamp:1  | Entered Level 1 of the Swamp
 23718 | Lair:3   | Found a shimmering altar of Xom.
 23749 | Lair:3   | Got Sif Muna's Directory of Fulgurous Fire
 24431 | Lair:3   | Reached XP level 13. HP: 60/60 MP: 15/27
 24845 | Lair:3   | Found a staircase to the Snake Pit.
 24862 | Snake:1  | Entered Level 1 of the Snake Pit
 24862 | Snake:1  | Noticed Rupert
 25001 | Lair:3   | Reached skill level 10 in Spellcasting
 26144 | Orc:1    | Entered Level 1 of the Orcish Mines
 26277 | Orc:2    | Entered Level 2 of the Orcish Mines
 26772 | Lair:4   | Reached skill level 10 in Fighting
 26935 | Lair:4   | Reached skill level 5 in Transmutations
 27064 | Lair:4   | Found a viscous altar of Jiyva.
 27064 | Lair:4   | Found a staircase to the Slime Pits.
 27134 | Slime:1  | Entered Level 1 of the Pits of Slime
 27134 | Slime:1  | Noticed an acid blob
 27134 | Slime:1  | Noticed an azure jelly
 27652 | Lair:5   | Entered Level 5 of the Lair of Beasts
 28134 | Lair:5   | Reached skill level 10 in Hexes
 28622 | Lair:5   | Reached XP level 14. HP: 63/66 MP: 20/29
 29476 | Lair:5   | Found the ring of the Octopus King
 29495 | Lair:5   | Identified a ring of the Octopus King {rCorr HP+2 AC+2 EV+2
                  | SH+2}
 30093 | D:8      | Killed Notanamesir's ghost
 30461 | Lair:3   | Bought a book of Burglary for 320 gold pieces
 30464 | Lair:3   | Learned a level 2 spell: Passwall
 31282 | Orc:2    | Found a staircase to the Elven Halls.
 32677 | Orc:2    | Found Dijicri's Antique Armour Emporium.
 32680 | Orc:2    | Found Riurch's General Store.
 32688 | Orc:2    | Found Ilattij's Assorted Antiques.
 32690 | Orc:2    | Found Joppev's Armour Emporium.
 33358 | D:12     | Reached skill level 1 in Earth Magic
 34250 | D:13     | Upgraded the game from 0.29-b1-5-gddc7ae1da1 to
                  | 0.29-b1-11-g2030932060
 34444 | D:13     | Reached XP level 15. HP: 71/71 MP: 24/31
 34769 | D:12     | Bought a ring of poison resistance for 320 gold pieces
 34871 | Swamp:1  | Reached skill level 15 in Dodging
 35042 | Snake:1  | Killed Rupert
 35043 | Snake:1  | Noticed Nikola
 35332 | Lair:2   | Learned a level 6 spell: Summon Cactus Giant
 35344 | Swamp:1  | HP: 1/71 [acid (9)]
 35346 | Swamp:1  | Mangled by a goliath frog
 35347 | Swamp:1  | Reached XP level 14. HP: -13/67 MP: 28/39
 36663 | Swamp:2  | Identified Roxanne's Precepts of Geology
 36663 | Swamp:2  | Noticed Roxanne
 36822 | Swamp:1  | Learned a level 3 spell: Inner Flame
 36938 | Swamp:2  | Noticed Mlioglotl
 36951 | Swamp:2  | Noticed a tentacled starspawn
 38838 | Orc:2    | Bought a ring of the Octopus King {Wiz HP+2 AC+2 EV+2 SH+2}
                  | for 996 gold pieces
 38838 | Orc:2    | Found the ring of the Octopus King {Wiz HP+2 AC+2 EV+2
                  | SH+2}
 39083 | Lair:3   | Found Leyhubes's Book Shop.
 39091 | Lair:3   | Bought a book of the Moon for 640 gold pieces
 39528 | Lair:3   | Found a shimmering altar of Xom.
 39752 | Lair:3   | Found a staircase to the Snake Pit.
 40239 | Snake:1  | Killed Nikola
 41221 | Snake:2  | Noticed Aizul
 42681 | Snake:2  | Reached skill level 10 in Transmutations
 42708 | Snake:2  | Noticed a nagaraja
 42720 | Snake:2  | Noticed a nagaraja
 42733 | Snake:2  | Killed a nagaraja
 42741 | Snake:2  | Killed a nagaraja
 42967 | Snake:2  | Found Otiaddug's Neck Hole.
 42977 | Snake:2  | Reached XP level 15. HP: 72/72 MP: 16/31
 43140 | Snake:2  | Learned a level 4 spell: Passage of Golubria
 43166 | Snake:2  | Killed Aizul
 43553 | Snake:2  | Identified the +0 kite shield of the Planets {rN+++ Regen+
                  | Dex-2 Slay+3}
 43553 | Snake:2  | Noticed Asterion
 44080 | Snake:3  | Found Sotiecreriups's Magic Scroll Shoppe.
 44080 | Snake:3  | Found Kikuveuf's General Store.
 44086 | Snake:3  | Found Moah Vel's Book Shoppe.
 44100 | Snake:3  | Noticed Vashnia
 44900 | Snake:3  | Bought a scroll of teleportation for 51 gold pieces
 45266 | Snake:4  | Entered Level 4 of the Snake Pit
 46012 | Snake:4  | Reached skill level 1 in Invocations
 46553 | Snake:4  | Noticed a nagaraja
 46555 | Snake:4  | Noticed a nagaraja
 46555 | Snake:4  | Noticed a nagaraja
 47259 | Swamp:2  | Noticed Jorgrun
 47298 | Swamp:2  | Killed Jorgrun
 47884 | Swamp:3  | Identified the amulet of Acenyvis {Faith +Inv rCorr Dex+4}
 48128 | Swamp:3  | Noticed Kirke
 48179 | Swamp:2  | Noticed a tentacled starspawn
 48367 | Swamp:2  | Noticed a thorn hunter
 48478 | Elf:1    | Entered Level 1 of the Elven Halls
 48495 | Elf:1    | Reached skill level 10 in Air Magic
 48631 | Elf:1    | Found Wakuow's Book Boutique.
 49085 | Elf:1    | Noticed an Ice Fiend
 49730 | Elf:1    | Found a runed translucent gate.
 49730 | Elf:1    | Found a runed translucent gate.
 49730 | Elf:1    | Found a runed translucent gate.
 49730 | Elf:1    | Found a runed translucent gate.
 49730 | Elf:1    | Found a runed translucent gate.
 49731 | Elf:1    | Noticed a shadow dragon
 49731 | Elf:1    | Noticed a shadow dragon
 49752 | Elf:1    | Found a runed translucent gate.
 50168 | Elf:1    | Noticed a deep elf sorcerer
 50174 | Elf:1    | Killed a deep elf sorcerer
 50187 | Elf:1    | Reached XP level 16. HP: 55/76 MP: 13/34
 50774 | Elf:2    | Found Vuex's Armour Emporium.
 51047 | Elf:2    | Identified the +11 rapier of the Brain {pain, rCorr Dex+6
                  | SInv Stlth-}
 51407 | Elf:2    | Paralysed by an air elemental for 1 turns
 51411 | Elf:2    | Paralysed by an air elemental for 1 turns
 51988 | Elf:2    | Found Gienk's Magic Scroll Shop.
 51995 | Elf:2    | Bought a scroll of blinking for 112 gold pieces
 51995 | Elf:2    | Bought a scroll of blinking for 112 gold pieces
 51995 | Elf:2    | Bought a scroll of blinking for 112 gold pieces
 52321 | Elf:2    | Found a runed translucent gate.
 52322 | Elf:2    | Found a runed translucent gate.
 52322 | Elf:2    | Found a runed translucent gate.
 52634 | Elf:3    | Entered Level 3 of the Elven Halls
 53826 | Elf:3    | Noticed a Hell Sentinel
 54774 | Elf:3    | Noticed a deep elf blademaster
 54855 | Elf:3    | Reached skill level 15 in Transmutations
 54988 | Elf:2    | Learned a level 7 spell: Storm Form
 56032 | Snake:3  | Killed Vashnia
 57278 | Snake:4  | Reached XP level 17. HP: 79/79 MP: 1/35
 58676 | Snake:4  | HP: 1/81 [salamander tyrant/flame surge (19)]
 59559 | Snake:3  | Bought a scroll of teleportation for 42 gold pieces
 59559 | Snake:3  | Bought a scroll of teleportation for 42 gold pieces
 59559 | Snake:3  | Bought a scroll of teleportation for 42 gold pieces
 60400 | Snake:4  | Got a serpentine rune of Zot
 61194 | Elf:3    | Noticed a deep elf master archer
 61206 | Elf:3    | Killed a deep elf master archer
 61492 | Elf:3    | Noticed a Hell Sentinel
 61676 | Elf:3    | Noticed a deep elf blademaster
 61688 | Elf:3    | Killed a deep elf blademaster
 61779 | Elf:3    | Identified the +10 bardiche of Uskayaw's Benevolence
                  | {vorpal, rC+}
 61779 | Elf:3    | Identified the amulet "Ufing" {Regen+ Int-3 Slay+6}
 61861 | Elf:3    | Noticed a deep elf master archer
 62006 | Elf:3    | Killed a deep elf master archer
 62872 | Elf:3    | Identified the ring "Tiwnegan" {rPois Str+4 Dex-5}
 63103 | Elf:3    | Got Gyunum's Volume of Spatial Envenoming
 63107 | Elf:3    | Got Sif Muna's Catalogue of the Comitatus and Forms
 63126 | Elf:3    | Got the Dissertation on Earth
 63886 | D:14     | Hit by a large rock thrown by a cyclops
 63887 | D:14     | Reached XP level 16. HP: -13/76 MP: 18/35
 64217 | D:14     | Upgraded the game from 0.29-b1-11-g2030932060 to
                  | 0.29.0-4-gdea44cf6ec
 64272 | D:14     | Hate this gameplay.
 64341 | D:14     | Reached skill level 1 in Unarmed Combat
 64408 | D:14     | Found a gate to the Vaults.
 64462 | D:14     | Reached XP level 17. HP: 72/80 MP: 3/36
 64982 | Vaults:1 | Entered Level 1 of the Vaults
 65088 | D:15     | Entered Level 15 of the Dungeon
 65123 | D:15     | Noticed Azrael
 65134 | D:15     | Noticed Nessos
 65284 | D:13     | Felid summoner suck
 65469 | D:1      | excruciatingly painful gameplay. Exiting.
 65470 | D:$      | Got out of the dungeon!

Illustrated notes #...... #...... ********* #...... *,,,,..,* ######. *,,,,..,* #. *,,,,..,* #. *,,,,,.######### #. #####+#........# #. #...@...#......# #. #.......#......#####. #.......'............ #.......#............ *##+###..#............ *,,,,,##########...... *,,,,,* #...... *,,,,,* #...... *,,,,,* #...... Turn 64272 on D:14: Hate this gameplay. .......# ##### #...#.#.#..## .......# #...# ###.#.#.#...# ....#### #.#.#### #.#.#.##..# ##### #.#....# #.#.#.....# #.####.# #.#.#####.# #.#..#.###.#.#####.# #....#.....#.......# ####.############### #@# #[# #.# #<# ### Turn 65284 on D:13: Felid summoner suck

.........................#.......
#####.################.###.......
.......#.........................
#......#...............###.##....
#.>....#.#.♣♣♣♣♣♣♣♣♣.....#.######
#......#.#.♣PP..PP..♣....#.#
.......#.#.♣PP..P...♣....#.#
#......#.#.♣..PP...P♣....#.#
'......#.#.♣..P.@.PP♣....#.#
#......#.#.♣PP...P..♣....#.#
#......#.#.♣P...PP..♣...##.#
.......#...♣...P..PP♣.#.##.######
.......#...♣..PP..PP♣............
...###.#.#..♣♣♣♣♣♣♣♣♣...#########
.P..##.#.#.....................#.
♣♣.P.#.#.############..#######.#.
♣♣♣P.#.#.# #.....................


Turn 65469 on D:1: excruciatingly painful gameplay. Exiting.

Levels and vault maps discovered:
D:1:      scummos_arrival_checkerplants, layout_basic, serial_forest,
          infiniplex_forest_corner_1, infiniplex_forest_clump_diagonal,
          infiniplex_forest_corner_2, infiniplex_forest_clump_cross,
          infiniplex_forest_zigzag_1, infiniplex_forest_straight_2
D:2:      layout_loops_cross, basic_altar, ebering_ecumenical_altar_abandoned
D:3:      layout_basic, ebering_ghost_gozag, st_stairs_1
D:4:      minmay_general_purpose_star, layout_loops_ring
D:5:      layout_loops_ring, minmay_temple_entry_grid,
          nicolae_ossuary_entry_plus, uniq_duvessa
D:6:      layout_basic, mainiacjoe_overflow_six_doors_small,
          nrook_pool_corridor, uniq_crazy_yiuf_cottage, uniq_pikel
D:7:      layout_cave_pods, hangedman_decor_push
D:8:      layout_basic, chequers_temple_overflow_minitemple,
          pdpol_wu_jian_five_deadly_venoms, mainiacjoe_overflow_big_doors,
          gammafunk_ghost_grave, chequers_serial_rivers_micro_e, nicolae_wwwww,
          abandoned_shop, minmay_lizard_king
D:9:      layout_loops_ring, nicolae_overflow_hidden_temple
D:10:     layout_basic, kennysheep_slug_shrine, enter_bailey_2,
          evilmike_butchery, uniq_maggie
D:11:     layout_basic, erik_lair_orcish_takeover, orc_0_dummy
D:12:     layout_cross
D:13:     layout_basic
D:14:     layout_gridville, erik_vaults_2, portal_ice_cave_entry_ice_statue_two,
          serial_rivers, chequers_serial_rivers_room_b,
          chequers_serial_rivers_small_3, chequers_serial_rivers_room_a,
          chequers_serial_rivers_room_a, chequers_serial_rivers_micro_c
D:15:     hangedman_slaughterboxes, uniq_azrael, uniq_nessos
Temple:   minmay_temple_curvy_loop
Lair:1:   layout_hall_layers, grunt_megastairs_5
Lair:2:   layout_gridlike, minmay_swamp_entry_swarm, uniq_fannar, uniq_harold
Lair:3:   layout_layer_cave, minmay_snake_entry_guardpost_medium, basic_altar,
          grunt_megastairs_2, serial_bayou_shore_a
Lair:4:   layout_roguey, slime_entry_1
Lair:5:   gammafunk_lair_ancient_temple, layout_gridlike,
          infiniplex_staircase_pool_2
Swamp:1:  layout_basic_swamp, evilmike_swamp_ruin_rubble_1
Swamp:2:  layout_basic_swamp, nicolae_swamp_trees_clearing, uniq_mlioglotl,
          uniq_jorgrun, uniq_roxanne
Swamp:3:  layout_falls_marsh, nicolae_swamp_oxbows, uniq_kirke
Snake:1:  layout_rooms, uniq_rupert, uniq_nikola
Snake:2:  layout_cave_town, nicolae_shop_sticking_my_neck_out, uniq_aizul,
          uniq_asterion
Snake:3:  layout_honeycomb, nicolae_elevator_lobby_asterisk, minmay_shop_star,
          uniq_vashnia
Snake:4:  grunt_snake_rune_spirals, layout_onion, serial_bayou_pond_a, drop_trap
Slime:1:  layout_caves
Orc:1:    layout_diamond_mine
Orc:2:    st_orc_elflike, layout_caves
Elf:1:    eino_elf_arrival_shootout, layout_geoelf_diagonals, serial_shops,
          shop, orc_legates, minmay_misc_feat_ornament
Elf:2:    nicolae_elf_blades_crystal_corner, layout_onion_city, serial_shops,
          shop, nicolae_shop_statue_plus, grunt_ministairs_10
Elf:3:    grunt_elf_hall_asides, layout_geoelf_castle
Vaults:1: v_misc_30, hangedman_vaults_slither, hangedman_vaults_stream,
          grunt_vaults_swirl, v_pattern_1, nicolae_vaults_mini_display_case,
          ontoclasm_vaults_idyll, vaults_room_ringed_pool,
          nicolae_vaults_halls_meeting, ontoclasm_vaults_loading_screen,
          layout_vaults_maze, serial_shops, nicolae_shop_bloodbath_and_beyond

Skill      XL: |  1  2  3  4  5  6  7  8  9 10 11 12 13 14 15 16 17 |
---------------+----------------------------------------------------+-----
Spellcasting   | 3 4 5 7 8 9 10 11 13 14 | 14.4
Summonings     | 5 6 7 8 9 10 11 13 14 | 14.0
Hexes          | 2 3 4 5 7 10 | 10.0
Dodging        | 3 4 6 9 10 11 12 13 14 15 16 | 16.1
Fighting       | 1 2 4 6 7 8 9 10 11 12 | 12.3
Air Magic      | 1 5 6 9 10 13 12 | 13.0
Translocations | 4 7 8 |  8.0
Transmutations | 3 5 10 13 15 16 | 16.0
Earth Magic    | 1 2 |  2.6
Invocations    | 1 |  1.0
Unarmed Combat | 1 |  1.7
Stealth        | |  2.6

Action                   |  1- 3 |  4- 6 |  7- 9 | 10-12 | 13-15 | 16-18 || total
-------------------------+-------+-------+-------+-------+-------+-------++-------
Melee: Unarmed           |     8 |       |    36 |    37 |    72 |    42 ||   195
       Bite              |       |       |     4 |     7 |    12 |     1 ||    24
       Punch             |       |       |       |       |     1 |     1 ||     2
 Cast: Summon Small Mamm |    39 |    32 |    37 |    16 |     1 |       ||   125
       Call Imp          |    15 |    27 |    54 |    58 |    30 |       ||   184
       Call Canine Famil |       |    14 |    75 |    90 |   153 |    64 ||   396
       Summon Guardian G |       |       |    36 |    63 |   118 |    19 ||   236
       Summon Lightning  |       |       |       |    68 |   144 |    62 ||   274
       Summon Mana Viper |       |       |       |    33 |   227 |   134 ||   394
       Summon Forest     |       |       |       |     1 |    19 |     8 ||    28
       Blink             |       |       |       |       |     5 |     4 ||     9
       Summon Cactus Gia |       |       |       |       |    90 |   113 ||   203
       Passwall          |       |       |       |       |     5 |       ||     5
       Passage of Golubr |       |       |       |       |     2 |       ||     2
       Storm Form        |       |       |       |       |       |    31 ||    31
Invok: Call Merchant     |       |       |       |       |     3 |       ||     3
Evoke: Wand              |       |       |       |       |     6 |       ||     6
  Use: Scroll            |     2 |     6 |     7 |    11 |    10 |    10 ||    46
       Potion            |       |       |     2 |     2 |    15 |     6 ||    25
 Stab: Distracted        |       |       |       |     3 |     3 |       ||     6
Armor: Skin              |     2 |       |     5 |     4 |     9 |    14 ||    34
Dodge: Dodged            |    20 |     5 |    88 |   156 |   359 |   193 ||   821
Block: Other             |       |       |       |       |     5 |     6 ||    11
